 Dungeon Crawl Stone Soup version 0.13-a0-2942-g3a822f8 (webtiles) character file.

130 M4edhros the Poker (level 3, 0/24 HPs)
             Began as an Octopode Death Knight on Aug 30, 2013.
             Was a Believer of Yredelemnul.
             Succumbed to an adder's poison
             ... on Level 2 of the Dungeon on Sept 5, 2013.
             The game lasted 00:01:26 (1029 turns).

M4edhros the Poker (Octopode Death Knight)          Turns: 1029, Time: 00:01:26

HP   0/24        AC  1     Str 12      XL: 3   Next: 95%
MP   5/5         EV 16     Int 11      God: Yredelemnul [**....]
Gold 74          SH  7     Dex 16      Spells:  0 memorised,  2 levels left

Res.Fire  : . . .   See Invis. : .   a - +1 spear {=f}
Res.Cold  : . . .   Warding    : .   j - +0 buckler
Life Prot.: . . .   Conserve   : .   (helmet restricted)
Res.Poison: .       Res.Corr.  : .   (no amulet)
Res.Elec. : .       Clarity    : .   k - cursed -3 ring of intelligence
Sust.Abil.: . .     Spirit.Shd : .   (no ring)
Res.Mut.  : .       Stasis     : .   (no ring)
Res.Rott. : .       Flight     : +   (no ring)
Saprovore : . . .                    (no ring)
                                     (no ring)
                                     (no ring)
                                     (no ring)

@: agile, flying, mildly poisoned, not resistant to hostile enchantments, quite
stealthy
A: almost no armour, amphibious, 8 rings, constrict 8, camouflage 1, AC +1
a: Animate Remains, Recall Undead Slaves, Injury Mirror, Renounce Religion


You were on level 2 of the Dungeon.
You worshipped Yredelemnul.
Yredelemnul was most pleased with you.
You were not hungry.

You visited 1 branch of the dungeon, and saw 2 of its levels.

You collected 54 gold pieces.

Inventory:

Hand weapons
 a - a +1,+1 spear (weapon) {=f}
Armour
 j - a +0 buckler (worn)
Comestibles
 c - a bread ration
 d - a slice of pizza
Scrolls
 b - a scroll of remove curse {unknown}
 g - 4 scrolls of identify {unknown}
 i - 2 scrolls of curse jewellery {unknown}
 l - a scroll of enchant weapon II {unknown}
Jewellery
 k - a cursed -3 ring of intelligence (left tentacle)
Potions
 e - a potion of agility


   Skills:
 - Level 2.0 Fighting
 + Level 4.1 Polearms
 - Level 1.5 Dodging
 - Level 3.0 Invocations


You had 2 spell levels left.
You didn't know any spells.

Dungeon Overview and Level Annotations

Branches:
Dungeon (2/27)

Altars:


Innate Abilities, Weirdness & Mutations

You cannot wear most types of armour.
You are amphibious.
You can wear up to eight rings at the same time.
You can use your tentacles to constrict many enemies at once.
Your skin changes colour to match your surroundings (Stlth).
Your rubbery body absorbs attacks (AC +1).


Message History

It was a potion of agility.
The adder bites you.
* * * LOW HITPOINT WARNING * * *
Drink which item? (? for menu, Esc to quit)
You feel very buoyant.
You fly up into the air.
It was a potion of flight.
You block the adder's attack. The adder barely misses you.
Evoke which item? (* to show all) (? for menu, Esc to quit)
Okay, then.
You don't know any spells.
Read which item? (? for menu, Esc to quit)
Okay, then.
Drink which item? (? for menu, Esc to quit)
Okay, then.
Put on which piece of jewellery? (? for menu, Esc to quit)
You feel stupid.
Oops, that ring feels deathly cold.
k - a cursed -3 ring of intelligence (left tentacle)
You miss the adder. Your grab misses the adder.
You die...
Your body rises from the dead as a mindless zombie.

#.#
#.#
#.#
#.#
#(#
#.#
#(#
#(#
#@#
#S#
#.#
#.#
#.#
#.#
#.#
#.#
#..


You could see an adder.

Vanquished Creatures
  An adder (D:2)
  A worm (D:2)
  An ooze (D:1)
  A ball python (D:1)
  A giant cockroach (D:1)
  4 goblins
  7 hobgoblins
  A quokka (D:2)
  5 bats
  5 giant newts
  6 jackals
  3 kobolds
  4 rats (D:1)
40 creatures vanquished.

Notes
Turn   | Place    | Note
--------------------------------------------------------------
     0 | D:1      | M4edhros, the Octopode Death Knight, began the quest for the Orb.
     0 | D:1      | Reached XP level 1. HP: 14/14 MP: 2/2
   112 | D:1      | Reached XP level 2. HP: 14/19 MP: 4/4
   469 | D:1      | Acquired Yredelemnul's second power
   544 | D:1      | Reached XP level 3. HP: 20/24 MP: 5/5
   935 | D:2      | Reached skill level 4 in Polearms
  1026 | D:2      | Upgraded the game from 0.13-a0-2899-gc7fce8a to 0.13-a0-2942-g3a822f8
  1026 | D:2      | HP: 1/24 [adder (3)]
  1029 | D:2      | Succumbed to an adder's poison

Action                   || total
-------------------------++-------
Melee: Spear             ||    84
  Use: Potion            ||     2
 Stab: Sleeping          ||     3
